 Dungeon Crawl Stone Soup version 0.29-a0-649-g45c230d69a (webtiles) character file.

Game seed: 15641072328897498080

4287 brendy123 the Grappler (level 10, -1/58 HPs)
             Began as a Vine Stalker Berserker on June 21, 2022.
             Was a Priest of Trog.
             Slain by Grum
             ... wielding a -1 spear of distortion
              (13 damage)
             ... on level 8 of the Dungeon.
             The game lasted 00:33:41 (6479 turns).

brendy123 the Grappler (Vine Stalker Berserker)     Turns: 6479, Time: 00:33:43

Health: -1/58      AC: 16    Str: 25    XL:     10   Next: 32%
Magic:  0/11       EV:  7    Int:  7    God:    Trog [***...]
Gold:   630        SH:  0    Dex: 13    Spells: 9/9 levels left

rFire   + . .      SeeInvis .     - Unarmed
rCold   + . .      Faith    .   (no shield)
rNeg    . . .      Spirit   +   p - +0 plate armour
rPois   +          Reflect  .   g - +0 helmet
rElec   .          Harm     .   q - scarf {rC+ rF+}
rCorr   .          Rampage  .   B - +0 pair of gloves
Will    +....                   (no boots)
Stlth   ..........              (no amulet)
HPRegen 0.99/turn               t - +4 ring of protection
MPRegen 0.12/turn               F - ring of poison resistance

@: on berserk cooldown, slowed, very slow
A: fangs 3, regeneration 1, magic shield, antimagic bite, no potion heal 2
a: Renounce Religion, Berserk, Trog's Hand


You were on level 8 of the Dungeon.
You worshipped Trog.
Trog was most pleased with you.
You visited 1 branch of the dungeon, and saw 8 of its levels.

You collected 630 gold pieces.

Inventory:

Missiles
 e - 38 poisoned darts (quivered)
 v - 2 atropa-tipped darts
Armour
 g - a +0 helmet (worn)
 p - a +0 plate armour (worn)
 q - a scarf of resistance (worn)
 B - a +0 pair of gloves (worn)
Jewellery
 a - a ring of magical power
 t - a +4 ring of protection (left hand)
 F - a ring of poison resistance (right hand)
Wands
 s - a wand of iceblast (4)
 y - a wand of digging (6)
Scrolls
 b - 2 scrolls of blinking
 d - a scroll of amnesia
 f - a scroll of enchant weapon
 h - 3 scrolls of vulnerability
 i - 2 scrolls of poison
 k - 2 scrolls of immolation
 l - a scroll of brand weapon
 r - 3 scrolls of magic mapping
 w - 3 scrolls of teleportation
 x - 4 scrolls of enchant armour
 A - a scroll of identify
Potions
 c - a potion of ambrosia {unknown}
 j - 3 potions of heal wounds
 m - a potion of flight {unknown}
 n - 5 potions of attraction
 o - 2 potions of brilliance {unknown}
 u - a potion of haste {unknown}
 z - 2 potions of berserk rage {unknown}
 D - a potion of lignification {unknown}
 E - a potion of curing


   Skills:
 * Level 9.0 Fighting
 - Level 4.0(5.1) Axes
 - Level 4.7(5.4) Maces & Flails
 - Level 1.5 Armour
 - Level 1.5 Dodging
 + Level 9.4 Unarmed Combat


You had 9 spell levels left.
You didn't know any spells.
Your spell library was empty.

Dungeon Overview and Level Annotations

Branches:
Dungeon (8/15)             Temple (0/1) D:5
   Lair: D:8-11

Altars:
Dithmenos
Elyvilon
Kikubaaqudgha
Makhleb
Qazlal
Sif Muna
Uskayaw
Vehumet

Shops:
D:7 [

Annotations:
D:8 Grum


Innate Abilities, Weirdness & Mutations

You have razor-sharp teeth.
Your natural rate of healing is unusually fast.
When hurt, damage is shared between your health and your magic reserves.
Your bite disrupts and absorbs the magic of your enemies.
Potions cannot restore your health.


Message History

You barely miss the wolf. You bite the wolf. You drain its power.
You feel invigorated.
The wolf is moderately wounded.
The wolf bites you but does no damage.
You hit the wolf. Your bite misses the wolf.
The wolf is heavily wounded.
The wolf bites you but does no damage.
You hit the wolf.
The wolf is heavily wounded.
The wolf barely misses you. The wolf bites you!
You punch the wolf!
You kill the wolf!
Trog accepts your kill.
The centaur shoots an arrow.
The arrow hits you but does no damage.
A red film seems to cover your vision as you go berserk!
You feel yourself moving faster!
You feel mighty!
The centaur shoots an arrow.
The arrow hits you! Grum hits you but does no damage.
You blink.
The centaur shoots an arrow.
The arrow hits you!
You feel a strong urge to attack something.
The centaur shoots an arrow.
The arrow hits you but does no damage.
You feel your anger nearly subside.
Grum hits you with a -1 spear of distortion!
You blink.
You are no longer berserk.
You are exhausted.
You feel yourself slow down. Grum closely misses you.
Grum hits you with a -1 spear of distortion!
Space warps around you.
You hit Grum but do no damage. You bite Grum, but do no damage.
Grum hits you but does no damage.
You blink.
The centaur unwields a +0 shortbow.
The centaur hits you. The centaur barely misses you. Grum closely misses you.
Grum attacks as you move away! Grum barely misses you.
The centaur wields a +0 shortbow.
The centaur shoots an arrow.
The arrow hits you!
* * * LOW HITPOINT WARNING * * *
Grum hits you from afar with a -1 spear of distortion.
* * * LOW HITPOINT WARNING * * *
Space warps horribly around you!
You die...

...g...
#............
#.............
#.............
#.........<...
#.............
#####.............
#.c@..............
#g##.......?......
#.###.###.....!...
#o#§..!☼#.........
#.#.....#.........
#...._............
###.....#.........
#§...☼#......^..
###.###.########


You could see Grum and a centaur.

Vanquished Creatures
  A centaur warrior (D:8)
  Pikel (D:7)
  A slime creature (D:8)
  A wyvern (D:7)
  2 water moccasins (D:7)
  A sky beast (D:7)
  2 orc warriors (D:8)
  2 black bears
  3 ogres
  2 centaurs
  3 wolves (D:8)
  A kobold brigand (D:8)
  A gnoll sergeant (D:7)
  2 scorpions
  5 bullfrogs
  4 wights
  5 killer bees (D:7)
  A howler monkey (D:8)
  A hound (D:5)
  2 orc priests
  A gnoll shaman (D:6)
  2 jellies
  2 iguanas
  An orc wizard (D:4)
  3 adders
  20 gnolls
  A shadow imp (D:6)
  2 white imps
  3 ufetubi
  A dart slug (D:2)
  21 orcs
  2 bats
  2 endoplasms
  2 giant cockroaches (D:1)
  4 goblins
  5 hobgoblins
  7 jackals
  3 quokkas
  8 ball pythons
  5 kobolds
  4 rats
140 creatures vanquished.

Vanquished Creatures (others)
  A gnoll (D:6)
1 creature vanquished.

Grand Total: 141 creatures vanquished

Notes
Turn   | Place    | Note
-------+----------+-------------------------------------------
     0 | D:1      | brendy123 the Vine Stalker Berserker began the quest for
                  | the Orb.
     0 | D:1      | Reached XP level 1. HP: 11/11 MP: 2/2
   214 | D:1      | Reached XP level 2. HP: 16/16 MP: 3/3
   719 | D:2      | Reached XP level 3. HP: 3/19 MP: 2/4
  1439 | D:2      | Found a shadowy altar of Dithmenos.
  2355 | D:3      | Found a faded altar of an unknown god.
  2802 | D:4      | Found a shimmering blue altar of Sif Muna.
  2844 | D:4      | Gained mutation: Your natural rate of healing is unusually
                  | fast. [Vine Stalker growth]
  2844 | D:4      | Reached XP level 4. HP: 22/24 MP: 5/5
  3016 | D:4      | Reached XP level 5. HP: 29/29 MP: 6/6
  3071 | D:4      | Noticed an ogre
  3084 | D:4      | Killed an ogre
  3085 | D:4      | Reached skill level 5 in Fighting
  3251 | D:4      | Reached XP level 6. HP: 35/35 MP: 7/7
  3566 | D:5      | Entered Level 5 of the Dungeon
  3603 | D:5      | Found a staircase to the Ecumenical Temple.
  3704 | D:5      | Found a hide-covered altar of Uskayaw.
  3747 | D:5      | Noticed a +0 dagger
  3748 | D:5      | Noticed a +0 hand axe
  3863 | D:5      | Reached ** piety under Trog
  3972 | D:5      | Reached XP level 7. HP: 40/40 MP: 8/8
  3997 | D:5      | Found a stormy altar of Qazlal.
  4022 | D:5      | Found a white marble altar of Elyvilon.
  4197 | D:6      | Found a radiant altar of Vehumet.
  4217 | D:6      | Reached skill level 1 in Maces & Flails
  4725 | D:6      | Gained mutation: You have razor-sharp teeth. [Vine Stalker
                  | growth]
  4725 | D:6      | Reached XP level 8. HP: 44/44 MP: 9/9
  4810 | D:6      | Reached skill level 1 in Unarmed Combat
  4998 | D:7      | Noticed Pikel
  5028 | D:7      | Killed Pikel
  5029 | D:7      | Reached skill level 5 in Unarmed Combat
  5177 | D:7      | Found a burning altar of Makhleb.
  5179 | D:7      | Found Suistrydgh's Antique Armour Boutique.
  5204 | D:7      | Reached XP level 9. HP: 48/48 MP: 10/10
  5741 | D:7      | You fall into a shaft and drop 1 floor!
  5874 | D:7      | Reached *** piety under Trog
  6331 | D:8      | Found a shimmering blue altar of Sif Muna.
  6338 | D:8      | Reached XP level 10. HP: 56/56 MP: 11/11
  6357 | D:8      | Identified the +6 dagger of Departure {elec, *Corrode rC+
                  | rN+ Dex+4}
  6357 | D:8      | Noticed a centaur warrior
  6368 | D:8      | Killed a centaur warrior
  6375 | D:8      | Noticed a two-headed ogre
  6380 | D:8      | Found an ancient bone altar of Kikubaaqudgha.
  6412 | D:8      | Noticed Grum
  6479 | D:8      | Slain by Grum

Illustrated notes

Levels and vault maps discovered:
D:1:      dreamdust_arrival_sigmund_warning, layout_rooms, minmay_statues_item
D:2:      layout_loops_ring, basic_altar, chequers_serial_rivers_large_a,
          minmay_misc_feat_encased, grunt_ministairs_11
D:3:      layout_basic, hellmonk_ecumenical_altar_dog_temple
D:4:      layout_basic, mainiacjoe_overflow_catwalk,
          chequers_serial_rivers_micro_c
D:5:      layout_cave_pools, dancing_weapons_uskayaw, grunt_qazlal_clouds,
          elyvilon_altar_5, minmay_temple_entry_junction_2, st_stairs_13
D:6:      layout_basic, fiery_altar_vehumet, serial_bayou_pond_d,
          chequers_serial_rivers_room_b
D:7:      layout_cave_pools, bloody_makhleb, serial_shops, shop, uniq_pikel
D:8:      minmay_the_grid_octo_triangle [minmay_the_grid_octo_shrine,
          minmay_the_grid_octo_prize_star, minmay_the_grid_octo_fat_diamond],
          layout_basic, nicolae_kikubaaqudgha_miasma_corner, uniq_grum

Skill      XL: |  1  2  3  4  5  6  7  8  9 10 |
---------------+-------------------------------+-----
Axes           | 3 4 |  4.0
Fighting       | 3 4 5 6 8 9 |  9.0
Maces & Flails | 4 |  4.7
Unarmed Combat | 6 8 9 |  9.4
Armour         | |  1.5
Dodging        | |  1.5

Action                   |  1- 3 |  4- 6 |  7- 9 | 10-12 || total
-------------------------+-------+-------+-------+-------++-------
Melee: Hand axe          |   107 |    68 |       |       ||   175
       Bite              |    19 |    21 |    81 |     7 ||   128
       Punch             |     2 |       |     8 |       ||    10
       Mace              |       |     2 |    68 |       ||    70
       Unarmed           |       |       |   184 |    22 ||   206
Throw: Dart              |       |       |    10 |       ||    10
Invok: Berserk           |     3 |     4 |     7 |     2 ||    16
       Trog's Hand       |       |       |     1 |       ||     1
  Use: Scroll            |     5 |       |    10 |     1 ||    16
       Potion            |       |     1 |     1 |       ||     2
Armor: Animal skin       |    11 |       |       |       ||    11
       Plate armour      |    39 |    32 |   188 |    20 ||   279
Dodge: Dodged            |    51 |    20 |    93 |     7 ||   171

Table legend: (Time is in decaauts)
 A = Elapsed time spent in this place.
 B = Non-inter-level travel time spent in this place.
 C = Inter-level travel time spent in this place.
 D = Time resting spent in this place.
 E = Time spent auto-exploring this place.
 F = Levels seen in this place.
 G = Mean time per level.
                   A        B        C        D        E       F      G
               +--------+--------+--------+--------+--------+-----+--------+
         Total |   6657 |   6135 |    522 |   1073 |   3824 |   8 |  832.1 |
       Dungeon |   6657 |   6135 |    522 |   1073 |   3824 |   8 |  832.1 |
               +--------+--------+--------+--------+--------+-----+--------+

Top non-repeatable levels by time:
     D:2: 1270 daAuts
     D:3: 1024 daAuts
     D:6: 969 daAuts
     D:7: 898 daAuts
     D:4: 747 daAuts
     D:5: 626 daAuts
     D:1: 624 daAuts
     D:8: 494 daAuts
